 Dungeon Crawl Stone Soup version 0.28.0 (webtiles) character file.

Game seed: 6741115130650989890

13816 sanboga the Cleaver (level 12, -4/77 HPs)
             Began as a Gargoyle Fighter on Feb 1, 2022.
             Was a Believer of Trog.
             Killed from afar by a gargoyle (21 damage)
             ... with a stone arrow
             ... on level 10 of the Dungeon on Feb 8, 2022.
             The game lasted 00:21:27 (12084 turns).

sanboga the Cleaver (Gargoyle Fighter)             Turns: 12084, Time: 00:21:28

Health: -4/77      AC: 28    Str: 25    XL:     12   Next: 10%
Magic:  12/12      EV: 11    Int:  9    God:    Trog [**....]
Gold:   1024       SH:  7    Dex:  9    Spells: 11/11 levels left

rFire   . . .      SeeInvis .   a - +1 war axe
rCold   . . .      Faith    .   c - +1 buckler
rNeg    + . .      Spirit   .   h - +0 plate armour
rPois   ∞          Reflect  .   t - +0 hat {Will+}
rElec   +          Harm     .   (no cloak)
rCorr   .          Rampage  .   (no gloves)
Will    +....                   d - +0 pair of boots
Stlth   ..........              (no amulet)
HPRegen 0.22/turn               s - +4 ring of protection
MPRegen 0.13/turn               B - +4 ring of evasion

@: no status effects
A: sickness immunity, AC +8, negative energy resistance 1, electricity
resistance, torment resistance 1, petrification resistance, hooves 2, dopey 1,
strong 1
a: Renounce Religion, Berserk, Trog's Hand


You were on level 10 of the Dungeon.
You worshipped Trog.
Trog was pleased with you.
You visited 2 branches of the dungeon, and saw 11 of its levels.
You also visited: Ossuary.

You collected 1024 gold pieces.

Inventory:

Hand Weapons
 a - a +1 war axe (weapon)
Armour
 c - a +1 buckler (worn)
 d - a +0 pair of boots (worn)
 h - a +0 plate armour (worn)
 t - a +0 hat of willpower (worn)
Jewellery
 q - a ring of protection from fire
 s - a +4 ring of protection (left hand)
 B - a +4 ring of evasion (right hand)
Wands
 e - a wand of flame (31)
 f - a wand of charming (5)
 n - a wand of acid (7)
 u - a wand of paralysis (6)
Scrolls
 b - 3 scrolls of magic mapping
 i - 3 scrolls of holy word
 k - 2 scrolls of enchant weapon
 l - 4 scrolls of teleportation
 r - 3 scrolls of fog
 v - a scroll of brand weapon
 x - 2 scrolls of fear
 y - a scroll of blinking
 z - a scroll of identify
 A - a scroll of enchant armour
Potions
 j - 3 potions of resistance
 m - 2 potions of mutation
 p - a potion of might
 w - a potion of curing


   Skills:
 + Level 10.0 Fighting
 * Level 11.4 Axes
 + Level 10.1 Armour
 + Level 10.1 Shields


You had 11 spell levels left.
You didn't know any spells.
Your spell library contained the following spells:

 Spells                   Type           Power      Damage    Failure   Level
 Gell's Gravitas          Tloc           0%         N/A       100%        3
 Lesser Beckoning         Tloc           0%         N/A       100%        3
 Teleport Other           Tloc           0%         N/A       100%        3


Dungeon Overview and Level Annotations

Branches:
Dungeon (10/15)            Temple (1/1) D:4            Lair (0/6) D:9
    Orc (0/2) D:10        Ossuary (visited)

Altars:
Ashenzari
Cheibriados
Dithmenos
Elyvilon
Fedhas
Gozag
Hepliaklqana
Kikubaaqudgha
Makhleb
Nemelex Xobeh
Okawaru
Qazlal
Ru
Sif Muna
Trog
Uskayaw
Vehumet
Wu Jian
Xom
Yredelemnul
Zin
The Shining One

Shops:
D:2 (   D:10 [

Annotations:
D:5 2 transporters


Innate Abilities, Weirdness & Mutations

You are immune to sickness and miasma.
Your stone body is resilient. (AC +8)
You are immune to poison.
You resist negative energy. (rN+)
You are resistant to electric shocks. (rElec)
You are resistant to unholy torment.
You are immune to petrification.
You have hoof-like feet.
You are dopey. (Int -2)
Your muscles are strong. (Str +2)


Message History

The stone arrow hits you!
You hit the gargoyle but do no damage.
The gargoyle is heavily damaged.
The gargoyle barely misses you.
You barely miss the gargoyle.
The gargoyle is heavily damaged.
The gargoyle barely misses you.
You hit the gargoyle but do no damage.
The gargoyle is heavily damaged.
You block the gargoyle's attack.
You hit the gargoyle but do no damage.
The gargoyle is heavily damaged.
The gargoyle hits you with a +0 flail!
* * * LOW HITPOINT WARNING * * *
You hit the gargoyle but do no damage.
The gargoyle is heavily damaged.
The gargoyle barely misses you.
You hit the gargoyle but do no damage.
The gargoyle is heavily damaged.
The gargoyle barely misses you.
You hit the gargoyle but do no damage.
The gargoyle is heavily damaged.
The gargoyle barely misses you.
You hit the gargoyle but do no damage.
The gargoyle is heavily damaged.
The gargoyle barely misses you.
You hit the gargoyle.
The gargoyle is heavily damaged.
The gargoyle hurls a stone arrow at you.
The stone arrow hits you.
* * * LOW HITPOINT WARNING * * *
You closely miss the gargoyle.
The gargoyle is heavily damaged.
The gargoyle hits you with a +0 flail.
* * * LOW HITPOINT WARNING * * *
You hit the gargoyle.
The gargoyle is severely damaged.
The gargoyle hurls a stone arrow at you.
The stone arrow hits you!!
You die...

..................##......
.####.....###....##.......
........# #.#.##........
#......###.###.........
#..........##..........
##.....#####...........
#.....# #..........)
#.....# #.......8..8
#....@# #........##.
#...9)..# #........##(
#..._.....# #.......8..8
#.....#...# #...........
#....##...# #...........
#.... #...# ##..........
#.... #...# ##.........
#... ..... ##..[.....
##.......


You could see a gargoyle.

Vanquished Creatures
  Gastronok (D:8)
  A boulder beetle (D:10)
  3 two-headed ogres
  A wizard (D:10)
  An elephant (D:9)
  A manticore (D:10)
  Joseph (D:10)
  Maggie (D:9)
  A komodo dragon (D:10)
  A hornet (D:9)
  Grinder (D:3)
  Prince Ribbit (D:8)
  17 yaks
  A wraith (D:5)
  3 wyverns (D:9)
  A steam dragon (D:10)
  Edmund (D:6)
  8 ice beasts
  2 ogres
  3 black bears
  2 sky beasts
  5 centaurs
  2 necrophages
  A phantom (D:6)
  3 kobold brigands
  5 bullfrogs
  A gnoll sergeant (D:5)
  2 scorpions (D:6)
  11 killer bees
  8 wights
  6 electric eels (D:9)
  A howler monkey (D:6)
  2 centaur zombies (D:7)
  2 jellies (D:6)
  A gnoll shaman (D:9)
  An orc priest (D:4)
  3 centaur skeletons
  4 hounds
  A bullfrog skeleton (D:5)
  An iguana (D:6)
  An orc wizard (D:4)
  A killer bee zombie (D:7)
  8 mummies (Ossuary)
  8 adders
  9 gnolls
  3 white imps
  6 worms
  3 dart slugs
  16 orcs
  2 bats
  5 endoplasms
  2 giant cockroaches (D:1)
  5 goblins
  2 hobgoblins
  7 jackals
  25 kobolds
  4 quokkas
  6 ball pythons
  A frilled lizard (D:3)
  A gnoll zombie (Ossuary)
  4 hobgoblin zombies (Ossuary)
  3 orc zombies (Ossuary)
  5 rats
239 creatures vanquished.

Vanquished Creatures (others)
  A plant (D:9)
1 creature vanquished.

Grand Total: 240 creatures vanquished

Notes
Turn   | Place    | Note
-------+----------+-------------------------------------------
     0 | D:1      | sanboga the Gargoyle Fighter began the quest for the Orb.
     0 | D:1      | Reached XP level 1. HP: 14/14 MP: 1/1
   288 | D:1      | Reached skill level 2 in Axes
   315 | D:1      | Reached XP level 2. HP: 17/19 MP: 2/2
  1074 | D:2      | Reached XP level 3. HP: 17/23 MP: 3/3
  1166 | D:2      | Found Fusunnux's Weapon Shop.
  1338 | D:2      | Identified the +1 robe of the Hall of Blades {Contam Harm
                  | Fly rElec}
  1351 | D:2      | Reached XP level 4. HP: 29/29 MP: 4/4
  1891 | D:2      | Found a faded altar of an unknown god.
  1915 | D:2      | Reached skill level 3 in Axes
  2543 | D:3      | Noticed Grinder
  2544 | D:3      | Paralysed by Grinder for 7 turns
  2559 | D:3      | Killed Grinder
  2560 | D:3      | Reached skill level 4 in Axes
  2560 | D:3      | Reached XP level 5. HP: 32/34 MP: 5/5
  2560 | D:3      | Reached XP level 6. HP: 37/39 MP: 6/6
  2977 | D:3      | Found a glowing golden altar of the Shining One.
  2979 | D:3      | Found a hazy altar of Hepliaklqana.
  3051 | D:4      | Noticed a necrophage
  3067 | D:4      | Killed a necrophage
  3424 | D:4      | Reached XP level 7. HP: 44/44 MP: 7/7
  3465 | D:4      | Found a staircase to the Ecumenical Temple.
  3490 | D:4      | Reached skill level 5 in Fighting
  3490 | D:4      | Reached skill level 5 in Armour
  3490 | D:4      | Reached skill level 5 in Shields
  3800 | D:4      | Found a basalt altar of Yredelemnul.
  3808 | D:4      | Found a glowing silver altar of Zin.
  3818 | D:4      | Found an ancient bone altar of Kikubaaqudgha.
  4006 | Temple   | Entered the Ecumenical Temple
  4108 | Temple   | Became a worshipper of Trog the Wrathful
  4286 | D:5      | Entered Level 5 of the Dungeon
  4345 | D:5      | Reached skill level 5 in Axes
  4389 | D:5      | Found a transporter.
  4400 | D:5      | Found a broken altar of Ashenzari.
  4400 | D:5      | Noticed a wyvern
  4579 | D:5      | Found a stormy altar of Qazlal.
  4608 | D:5      | Found a sand-covered staircase.
  4615 | Ossuary  | Entered an ossuary
  4786 | Ossuary  | Reached XP level 8. HP: 32/49 MP: 8/8
  5030 | D:5      | Noticed a wraith
  5032 | D:5      | Killed a wraith
  5505 | D:5      | Reached skill level 6 in Axes
  5522 | D:5      | Noticed a two-headed ogre
  5525 | D:5      | Found a transporter.
  5557 | D:5      | Reached * piety under Trog
  6084 | D:6      | Reached XP level 9. HP: 52/55 MP: 9/9
  6165 | D:6      | Found an iron altar of Okawaru.
  6289 | D:6      | You fall into a shaft and drop 2 floors!
  6302 | D:8      | Reached skill level 7 in Axes
  6367 | D:8      | Gained mutation: You are dopey. (Int -2) [potion of
                  | mutation]
  6367 | D:8      | Gained mutation: Your muscles are strong. (Str +2) [potion
                  | of mutation]
  6367 | D:8      | Gained mutation: You have large cloven feet. [potion of
                  | mutation]
  6367 | D:8      | Gained mutation: You have hoof-like feet. [potion of
                  | mutation]
  6741 | D:7      | Reached ** piety under Trog
  6811 | D:7      | Found a shimmering blue altar of Sif Muna.
  7556 | D:8      | Noticed Prince Ribbit
  7624 | D:6      | Noticed Edmund
  7636 | D:6      | Killed Edmund
  7637 | D:6      | Reached skill level 8 in Axes
  7726 | D:6      | Found a sacrificial altar of Ru.
  7880 | D:7      | Reached XP level 10. HP: 57/63 MP: 10/10
  7920 | D:8      | Killed Prince Ribbit
  8642 | D:9      | Noticed a two-headed ogre
  8652 | D:9      | Killed a two-headed ogre
  8653 | D:9      | Reached skill level 9 in Axes
  9101 | D:9      | Noticed Gastronok
  9336 | D:8      | Killed Gastronok
  9337 | D:8      | Reached skill level 10 in Axes
  9337 | D:8      | Reached XP level 11. HP: 30/69 MP: 11/11
 10069 | D:9      | Noticed Maggie
 10090 | D:9      | Killed Maggie
 10476 | D:9      | Found a staircase to the Lair.
 10787 | D:10     | Entered Level 10 of the Dungeon
 10796 | D:10     | Found Wuogynow's Armour Shop.
 10797 | D:10     | Found a staircase to the Orcish Mines.
 10838 | D:10     | Noticed a two-headed ogre
 10855 | D:10     | Killed a two-headed ogre
 11000 | D:10     | Noticed a two-headed ogre
 11001 | D:10     | Upgraded the game from 0.28-b1-25-g9875b3fc8c to 0.28.0
 11266 | D:10     | Killed a two-headed ogre
 11326 | D:10     | Reached skill level 11 in Axes
 11765 | D:10     | Noticed a manticore
 11765 | D:10     | Noticed a wizard
 11775 | D:10     | Killed a manticore
 11778 | D:10     | Killed a wizard
 11779 | D:10     | Reached XP level 12. HP: 77/77 MP: 12/12
 11803 | D:10     | Noticed a boulder beetle
 11852 | D:10     | Killed a boulder beetle
 11853 | D:10     | Reached skill level 10 in Fighting
 11853 | D:10     | Reached skill level 10 in Armour
 11853 | D:10     | Reached skill level 10 in Shields
 12057 | D:10     | Found a burning altar of Makhleb.
 12057 | D:10     | Noticed Joseph
 12067 | D:10     | Killed Joseph
 12084 | D:10     | Killed from afar by a gargoyle

Illustrated notes

Levels and vault maps discovered:
D:1:      dpeg_arrival_round_a, layout_loops_corners,
          hangedman_abyss_or_decor_lesser_grid, minmay_liquid_box,
          minmay_misc_feat_cross, minivault_11
D:2:      layout_loops_corners, ebering_ecumenical_altar_hall, serial_shops,
          nicolae_shop_bloodbath_and_beyond, nicolae_underground_beach
D:3:      layout_basic, nicolae_overflow_hidden_temple, uniq_grinder
D:4:      layout_cave_pools, minmay_overflow_temple_star_quad,
          minmay_temple_entry_proselytizer
D:5:      layout_loops_ring, gammafunk_temple_overflow_arena, kennysheep_mini,
          chequers_ossuary_entry_cave, amcnicky_mini_corridor_feature,
          grunt_ministairs_5
D:6:      layout_rooms, nicolae_ru_sacrificial_ziggurat, okawaru_gym_becter,
          uniq_edmund
D:7:      layout_loops_corners, mainiacjoe_overflow_small_starburst
D:8:      layout_basic, chequers_garden, kennysheep_generic_room_13,
          uniq_prince_ribbit1
D:9:      minmay_twisted_water, layout_basic, david_lair_generic, uniq_maggie,
          uniq_gastronok
D:10:     kennysheep_big_flooded_room, layout_basic, bloody_makhleb,
          orc_david_3, uniq_joseph
Temple:   minmay_temple_curvy_loop

Skill      XL: |  1  2  3  4  5  6  7  8  9 10 11 12 |
---------------+-------------------------------------+-----
Axes           | 2 4 5 6 8 10 11 | 11.4
Armour         | 4 5 6 7 8 9 10 | 10.1
Fighting       | 4 5 6 7 8 9 10 | 10.0
Shields        | 4 5 6 7 8 9 10 | 10.1

Action                   |  1- 3 |  4- 6 |  7- 9 | 10-12 || total
-------------------------+-------+-------+-------+-------++-------
Melee: War axe           |    75 |   135 |   361 |   346 ||   917
Invok: Berserk           |       |       |     1 |     9 ||    10
Evoke: Wand              |       |       |       |     2 ||     2
  Use: Potion            |     1 |     2 |     3 |     5 ||    11
       Scroll            |       |       |    21 |     3 ||    24
Armor: Scale mail        |    50 |    62 |   199 |       ||   311
       Plate armour      |       |       |    86 |   225 ||   311
Dodge: Dodged            |    41 |    59 |   189 |   119 ||   408
Block: Buckler           |    15 |    25 |   117 |    97 ||   254
